 Dungeon Crawl Stone Soup version 0.23-a0-417-gf02c810 (webtiles) character file.

257 tarabluh the Caller (level 6, -8/41 HPs)
             Began as a Barachi Summoner on Nov 10, 2018.
             Mangled by an ogre
             ... wielding a +0 giant club
              (23 damage)
             ... on level 4 of the Dungeon.
             The game lasted 00:12:21 (3817 turns).

tarabluh the Caller (Barachi Summoner)              Turns: 3817, Time: 00:12:21

Health: -8/41      AC: 10    Str:  9    XL:     6   Next: 16%
Magic:  6/10       EV: 12    Int: 17    God:
Gold:   295        SH:  0    Dex: 13    Spells: 1/11 levels left

rFire    . . .     SeeInvis .   r - +1 flail (protect)
rCold    . . .     Gourm    .   (no shield)
rNeg     . . .     Faith    .   a - +0 robe
rPois    .         Spirit   .   v - +1 hat
rElec    .         Reflect  .   (no cloak)
rCorr    .         Harm     .   (no gloves)
MR       .....                  (no boots)
Stlth    ++........             (no amulet)
HPRegen  0.13/turn              k - ring of wizardry
MPRegen  0.12/turn              (no ring)

@: protection aura, slow
A: +LOS, swims, slowness 1, strong legs 1
a: Hop


You were on level 4 of the Dungeon.
You were hungry.

You visited 1 branch of the dungeon, and saw 4 of its levels.

You collected 295 gold pieces.

Inventory:

Hand Weapons
 i - a +0 whip
 l - a +0 hunting sling
 r - a +1 flail of protection (weapon)
 s - a +0 spear
Missiles
 d - 81 stones (quivered)
 o - 24 sling bullets
Armour
 a - a +0 robe (worn)
 v - a +1 hat (worn)
Jewellery
 k - a ring of wizardry (left hand)
Wands
 y - a wand of disintegration (19)
Scrolls
 b - 3 scrolls of teleportation
 f - a scroll of fog
 g - 2 scrolls of magic mapping
 m - 3 scrolls of identify
Potions
 e - a potion of cancellation {unknown}
 h - a potion of degeneration
 j - a potion of ambrosia {unknown}
 p - 2 potions of heal wounds
 q - 3 potions of lignification
 u - a potion of berserk rage {unknown}
 w - a potion of flight {unknown}
Comestibles
 c - 5 rations


   Skills:
 - Level 2.1 Dodging
 - Level 1.7 Stealth
 - Level 3.1 Spellcasting
 - Level 7.2 Summonings
 * Level 3.6 Ice Magic


You had one spell level left.
You knew the following spells:

 Your Spells              Type           Power        Failure   Level  Hunger
a - Summon Small Mammal   Summ           ####         1%          1    None
b - Call Imp              Summ           ####....     1%          2    ##.....
c - Call Canine Familiar  Summ           ####....     1%          3    ###....
d - Summon Ice Beast      Ice/Summ       ###.....     8%          4    ####...

Your spell library contained the following spells:

 Spells                   Type           Power        Failure   Level  Hunger
 Magic Dart               Conj           #...         7%          1    None
 Summon Guardian Golem    Hex/Summ       ##......     4%          3    ###....
 Blink                    Tloc           N/A          11%         2    ##.....
 Slow                     Hex            #.......     11%         2    ##.....
 Summon Lightning Spire   Summ/Air       ##......     16%         4    ####...
 Conjure Flame            Conj/Fire      #.......     21%         3    ###....
 Mephitic Cloud           Conj/Pois/Air  #.......     21%         3    ###....


Dungeon Overview and Level Annotations

Branches:
Dungeon (4/15)
 Temple: D:4-7

Altars:


Innate Abilities, Weirdness & Mutations

Shadows flee at your approach. (+LOS)
You can swim through water.
You cover ground slowly.
You can hop short distances.


Message History

Your shadow imp disappears in a puff of smoke!
c - 5 rations (gained 1)
k - a shiny ivory ring Put on which piece of jewellery? (? for menu, Esc to quit)
k - a ring of wizardry (left hand)
An ogre comes into view. It is wielding a +0 giant club.
The ogre shouts!
The ogre hits you with a +0 giant club!
Your crimson imp hits the ogre.
Your crimson imp blinks!
You sock the ogre!
Your weapon exudes an aura of protection.
The ogre is moderately wounded.
The ogre misses you.
Your crimson imp closely misses the ogre.
Your crimson imp hits the ogre but does no damage.
You sock the ogre!
The ogre is severely wounded.
The ogre hits you with a +0 giant club!!
Ouch! That really hurt!
You die...

####*********,*
#..,,,,,,,,,,,*
#.#************ ######.#
*,,,,,,, #......#####*,******
#......##..,#,*
#......##.#.#,*
********#......##.#.#.######
*>,,,,,,+..@O5..ยง...........
*,***,**#......##.#.#..###.#
*,**,..........##.#.#..#..,,
*,*#..###########.#.#..#.#,*
*,*#,,* #.#.#..#5#,,
*,**,,**#########5#.#..#.###
*,**,,,,..........#.#..#..=.
*,,,,,,,................))..
****,,,,..).........#5.#####


You could see an ogre and a friendly crimson imp.

Vanquished Creatures
  A worker ant (D:4)
  An orc wizard (D:4)
  A leopard gecko (D:3)
  2 orcs
  5 bats
  A giant cockroach (D:3)
  4 goblins
  5 hobgoblins (D:3)
  5 kobolds
  A ball python (D:3)
  3 frilled lizards
  3 rats
32 creatures vanquished.

Vanquished Creatures (collateral kills)
  A hound (D:4)
  4 orc wizards
  2 iguanas (D:4)
  3 adders (D:3)
  3 gnolls (D:2)
  7 worms
  A dart slug (D:1)
  3 leopard geckos
  6 orcs
  2 giant cockroaches (D:1)
  4 goblins
  4 hobgoblins
  2 quokkas
  5 bats
  A frilled lizard (D:1)
  2 kobolds (D:1)
  7 rats
57 creatures vanquished.

Grand Total: 89 creatures vanquished

Notes
Turn   | Place    | Note
-------+----------+-------------------------------------------
     0 | D:1      | tarabluh the Barachi Summoner began the quest for the Orb.
     0 | D:1      | Reached XP level 1. HP: 13/13 MP: 3/3
    43 | D:1      | Reached skill level 5 in Summonings
   224 | D:1      | Reached XP level 2. HP: 19/19 MP: 1/5
   728 | D:2      | Learned a level 2 spell: Call Imp
  1269 | D:2      | Reached XP level 3. HP: 10/24 MP: 1/6
  1327 | D:2      | Reached skill level 6 in Summonings
  1794 | D:2      | Reached XP level 4. HP: 28/30 MP: 2/7
  2317 | D:3      | Reached skill level 7 in Summonings
  2317 | D:3      | Reached XP level 5. HP: 13/35 MP: 2/9
  2901 | D:3      | Learned a level 3 spell: Call Canine Familiar
  2906 | D:3      | Learned a level 4 spell: Summon Ice Beast
  3391 | D:4      | Reached skill level 1 in Ice Magic
  3585 | D:4      | Reached XP level 6. HP: 18/41 MP: 1/10
  3817 | D:4      | Mangled by an ogre

Vault maps used:
D:1:      zaba_arrival_water, chequers_serial_rivers_room_a, item_on_display_a
D:3:      kennysheep_big_flooded_room
D:4:      first_ration, chequers_serial_rivers_small_3, minmay_misc_feat_room,
          uniq_eustachio, uniq_robin, uniq_pikel

Skill      XL: |  1  2  3  4  5 |
---------------+----------------+-----
Summonings     | 5 6 7 |  7.2
Spellcasting   | 3 |  3.1
Ice Magic      | 3 |  3.6
Dodging        | |  2.1
Stealth        | |  1.7

Action                   |  1- 3 |  4- 6 || total
-------------------------+-------+-------++-------
Melee: Unarmed           |    16 |       ||    16
       Whip              |     7 |       ||     7
       Flail             |       |    68 ||    68
 Fire: Hunting sling     |    10 |    42 ||    52
 Cast: Summon Small Mamm |    47 |    10 ||    57
       Call Imp          |    13 |    31 ||    44
       Call Canine Famil |       |     2 ||     2
 Abil: Hop               |     1 |     1 ||     2
  Use: Potion            |       |     1 ||     1
       Scroll            |       |    10 ||    10
 Stab: Distracted        |       |     1 ||     1
       Sleeping          |       |     1 ||     1
  Eat: Chunk             |     3 |    10 ||    13
Armor: Robe              |    14 |    37 ||    51
Dodge: Dodged            |    40 |    76 ||   116

Table legend:
 A = Non-vault XP
 B = Vault XP
 C = Vault XP percentage of total XP
 D = Non-vault monster count
 E = Vault monster count
 F = Vault count percentage of total count
                 A         B        C        D         E       F
            +---------+---------+-------+---------+---------+-------
      Total |     366 |       2 |   0.5 |      87 |       2 |   2.2
            +---------+---------+-------+---------+---------+-------
        D:1 |      22 |       0 |   0.0 |      21 |       0 |   0.0
        D:2 |      67 |       0 |   0.0 |      20 |       0 |   0.0
        D:3 |     125 |       2 |   1.6 |      36 |       2 |   5.3
        D:4 |     152 |       0 |   0.0 |      10 |       0 |   0.0
            +---------+---------+-------+---------+---------+-------
